 Dungeon Crawl Stone Soup version 0.31-a0-640-g39d97e502b (webtiles) character file.

Game seed: 10512351028574230391

7469 MacCMillion the Arsonist (level 10, -1/60 HPs)
             Began as a Deep Elf Fire Elementalist on Aug 28, 2023.
             Was a Follower of Vehumet.
             Slain by a centaur warrior
             ... wielding the +0 flail of Past Mistakes {freeze, Fly rElec rPois Str+3}
              (14 damage)
             ... on level 9 of the Dungeon.
             The game lasted 00:23:33 (14133 turns).

MacCMillion the Arsonist (DEFE)                    Turns: 14133, Time: 00:23:34

Health: -1/60      AC:  8    Str:  5    XL:     10   Next: 94%
Magic:  22/26      EV: 26    Int: 25    God:    Vehumet [*.....]
Gold:   491        SH:  0    Dex: 15    Spells: 19/29 levels left

rFire   . . .        q - +2 dagger (freeze)
rCold   . . .        (no shield)
rNeg    . . .        a - +0 robe
rPois   .            t - +0 helmet
rElec   .            r - +0 cloak {Will+}
rCorr   .            D - +0 pair of gloves
SInv    .            s - +2 pair of boots {Fly}
Will    ++...        (no amulet)
Stlth   ++           i - +5 ring of evasion
HPRegen 0.30/turn    z - +5 ring of evasion
MPRegen 0.20/turn

%: no passive effects
@: flying
A: no striking features
a: Renounce Religion


You were on level 9 of the Dungeon.
You worshipped Vehumet.
Vehumet was aware of your devotion.
You visited 2 branches of the dungeon, and saw 10 of its levels.
You also visited: Ossuary.

You collected 569 gold pieces.
You spent 78 gold pieces at shops.

Inventory:

Hand Weapons
 j - a +2 vampiric dagger
 q - a +2 dagger of freezing (weapon)
Missiles
 y - 4 throwing nets
Armour
 a - a +0 robe (worn)
 r - a +0 cloak of willpower (worn)
 s - a +2 pair of boots of flying (worn)
 t - a +0 helmet (worn)
 D - a +0 pair of gloves (worn)
 F - the +3 ring mail "Zoinashu" {Drain rPois Int+4 Stlth+}
   (You found it on level 7 of the Dungeon)

   Int+4:     It affects your intelligence (+4).
   rPois:     It protects you from poison Drain: It drains your maximum health
   when unequipped.
   Stlth+:    It makes you more stealthy.
Jewellery
 f - an amulet of faith
 i - a +5 ring of evasion (left hand)
 p - a ring of ice
 u - a ring of fire
 z - a +5 ring of evasion (right hand)
 K - a +4 ring of slaying
Wands
 I - a wand of flame (40)
Scrolls
 e - a scroll of poison
 g - 4 scrolls of teleportation
 m - a scroll of revelation
 v - a scroll of blinking
 w - a scroll of amnesia
 x - a scroll of enchant weapon
 A - a scroll of brand weapon {unknown}
 B - 2 scrolls of noise
 C - a scroll of fog
 G - a scroll of acquirement {unknown}
 H - a scroll of immolation {unknown}
Potions
 b - 2 potions of magic
 c - 4 potions of curing
 h - 3 potions of mutation
 k - 2 potions of haste
 l - 3 potions of degeneration
 n - 5 potions of heal wounds
 o - a potion of cancellation {unknown}
 E - a potion of berserk rage {unknown}
 L - a potion of attraction {unknown}


   Skills:
 + Level 6.2 Fighting
 + Level 9.3 Dodging
 - Level 2.4 Stealth
 - Level 10.0 Spellcasting
 - Level 5.0 Conjurations
 + Level 11.4 Fire Magic


You had 19 spell levels left.
You knew the following spells:

 Your Spells              Type           Power      Damage    Failure   Level
a - Foxfire               Conj/Fire      100%       2x1d9     1%          1
b - Scorch                Fire           100%       2d9       1%          2
c - Volatile Blastmotes   Fire/Tloc      82%        2d16      1%          3
d - Flame Wave            Conj/Fire      52%        2d13      1%          4

Your spell library contained the following spells:

 Spells                   Type           Power      Damage    Failure   Level
 Magic Dart               Conj           100%       1d8       1%          1
 Kiss of Death            Conj/Necr      100%       2d13      1%          1
 Inner Flame              Hex/Fire       41%        N/A       1%          3
 Slow                     Hex            48%        N/A       4%          1
 Sting                    Tmut/Pois      48%        1d5       4%          1
 Stone Arrow              Conj/Erth      50%        3d10      5%          3
 Ensorcelled Hibernation  Hex/Ice        24%        N/A       8%          2
 Passwall                 Tmut/Erth      10%        N/A       8%          2
 Poisonous Vapours        Pois/Air       24%        N/A       8%          2
 Confusing Touch          Hex            12%        N/A       14%         3
 Swiftness                Air            12%        N/A       14%         3
 Vampiric Draining        Necr           12%        2d6       14%         3
 Animate Armour           Summ/Erth      24%        N/A       43%         4
 Dispel Undead            Necr           12%        3d9       43%         4
 Leda's Liquefaction      Hex/Erth       6%         N/A       43%         4
 Olgreb's Toxic Radiance  Pois           12%        N/A       43%         4
 Vhi's Electric Charge    Tloc/Air       24%        N/A       43%         4
 Arcjolt                  Conj/Air       12%        1d22      43%         5
 Plasma Beam              Fire/Air       20%        2x1d32    58%         6
 Lee's Rapid Deconstruct  Erth           6%         3d6*      80%         5
 Leda's Unmaking          Conj/Erth      12%        9d3       95%         6
 Lehudib's Crystal Spear  Conj/Erth      12%        10d4      100%        8


Dungeon Overview and Level Annotations

Branches:
Dungeon (9/15)             Temple (1/1) D:7             Orc (0/2) D:9
Ossuary (visited)
   Lair: D:8-11

Altars:
Ashenzari
Cheibriados
Dithmenos
Elyvilon
Fedhas
Gozag
Hepliaklqana
Kikubaaqudgha
Makhleb
Nemelex Xobeh
Okawaru
Qazlal
Ru
Sif Muna
Trog
Uskayaw
Vehumet
Wu Jian
Xom
Yredelemnul
Zin
The Shining One

Shops:
D:1 !   D:2 ?


Message History

You start waiting.
Done waiting.
Things that are here:
a +0 giant club; a +0 giant club A howler monkey is nearby!
You conjure some foxfire!
The howler monkey howls!
The howler monkey hoots and howls with incredible vigour!
You hear a bellow! x2
You conjure some foxfire!
The foxfire hits the howler monkey.
The howler monkey is lightly wounded.
The howler monkey hoots and howls with incredible vigour!
You hear a bellow!
You conjure some foxfire!
The foxfire hits the howler monkey.
The howler monkey is heavily wounded.
The foxfire hits the centaur warrior.
The centaur warrior is lightly wounded.
The foxfire hits the howler monkey.
The howler monkey is heavily wounded.
The foxfire hits the howler monkey!
You kill the howler monkey!
Vehumet accepts your kill.
Your foxfire dissipates!
The centaur warrior unwields the +0 flail of Past Mistakes {freeze, Fly rElec rPois Str+3}.
The centaur warrior wields a +0 shortbow.
The centaur warrior shoots an arrow.
The arrow hits you!!
The centaur warrior shoots an arrow.
The arrow hits you!!
* * * LOW HITPOINT WARNING * * *
The centaur warrior unwields a +0 shortbow.
The centaur warrior wields the +0 flail of Past Mistakes {freeze, Fly rElec rPois Str+3}.
It glows with a cold blue light!
The centaur warrior closely misses you. The centaur warrior kicks you.
* * * LOW HITPOINT WARNING * * *
Casting: Foxfire (safe; 1% risk of failure)
Confirm with . or Enter, or press ? or * to list all spells.
Flames lash the centaur warrior.
The centaur warrior is lightly wounded.
The centaur warrior's fire resistance burns away.
The centaur warrior hits you with the +0 flail of Past Mistakes {freeze, Fly rElec rPois Str+3}!
You die...

# ....#######
.........######
#..##..........
##..##....#####.
########....#.....###..
...........##.#...#)..
#####.c..#...##.##..#..#
.......@.$......########
......##.....##.##..#..#
..... #.....##.#...#...
.............##....###..
....#....#...##...#####.
.. ..§...#....^.........
......
#..§...#.#.######.####
......##......#.#.# #.#
..............#.#.# #.#


You could see a centaur warrior (combustible).

Vanquished Creatures
  A hydra (D:9)
  3 two-headed ogres
  A centaur warrior (D:9)
  A gargoyle (D:8)
  2 wyverns (D:8)
  Eustachio (D:5)
  2 acid dragons (D:9)
  2 water moccasins
  An ice beast (D:8)
  An orc warrior (D:8)
  3 ogres
  3 centaurs
  A kobold brigand (D:6)
  6 bullfrogs
  5 elf zombies
  4 scorpions
  An elf skeleton (D:7)
  A gnoll sergeant (D:6)
  4 wights
  3 killer bees (D:8)
  4 howler monkeys
  2 human zombies (Ossuary)
  2 gnoll boudas
  5 jellies
  An orc priest (D:5)
  A hound (D:5)
  2 iguanas
  4 orc wizards
  A hound zombie (Ossuary)
  3 mummies (Ossuary)
  8 adders
  20 gnolls
  3 white imps (D:6)
  3 ufetubi
  2 adder zombies (Ossuary)
  3 worms
  7 dart slugs
  38 orcs
  6 endoplasms
  5 gnoll zombies (Ossuary)
  10 hobgoblins
  A jackal (D:5)
  3 quokkas
  4 ball pythons
  6 bats
  4 frilled lizards
  7 goblins
  3 goblin zombies (Ossuary)
  A hobgoblin zombie (Ossuary)
  5 jackal zombies (Ossuary)
  11 kobolds
  3 kobold zombies (Ossuary)
  2 orc skeletons (D:7)
  An orc zombie (Ossuary)
  5 quokka zombies (Ossuary)
  8 rats
  3 rat zombies (Ossuary)
243 creatures vanquished.

Vanquished Creatures (others)
  797 foxfires
797 creatures vanquished.

Grand Total: 1040 creatures vanquished

Notes
Turn   | Place    | Note
-------+----------+-------------------------------------------
     0 | D:1      | MacCMillion the Deep Elf Fire Elementalist began the quest
                  | for the Orb.
     0 | D:1      | Reached XP level 1. HP: 10/10 MP: 6/6
    89 | D:1      | Found a faded altar of an unknown god.
   338 | D:1      | Reached XP level 2. HP: 15/15 MP: 1/8
   897 | D:1      | Found Jiaweck's Distillery.
  1395 | D:2      | Learned a level 2 spell: Scorch
  1433 | D:2      | Reached XP level 3. HP: 19/19 MP: 1/10
  1844 | D:2      | Reached skill level 4 in Fire Magic
  2363 | D:2      | Found Eprughir's Magic Scroll Shop.
  2366 | D:2      | Bought a scroll of identify for 28 gold pieces
  2436 | D:1      | Bought a potion of heal wounds for 50 gold pieces
  2519 | D:3      | Reached XP level 4. HP: 24/24 MP: 7/12
  3951 | D:4      | Found a shimmering altar of Xom.
  3964 | D:4      | Reached XP level 5. HP: 28/28 MP: 5/14
  4175 | D:4      | You are sucked into a shaft and drop 2 floors!
  4183 | D:6      | Noticed a centaur
  4188 | D:6      | Killed a centaur
  4189 | D:6      | Reached skill level 5 in Spellcasting
  4189 | D:6      | Reached skill level 5 in Fire Magic
  4227 | D:6      | Noticed a centaur
  4232 | D:6      | Killed a centaur
  4233 | D:6      | Reached skill level 6 in Fire Magic
  4233 | D:6      | Reached XP level 6. HP: 32/32 MP: 4/15
  4464 | D:6      | Reached skill level 7 in Fire Magic
  4561 | D:6      | Noticed a water moccasin
  4564 | D:6      | Killed a water moccasin
  4565 | D:6      | Reached XP level 7. HP: 34/36 MP: 9/16
  4613 | D:5      | Entered Level 5 of the Dungeon
  4663 | D:5      | Reached skill level 8 in Fire Magic
  4776 | D:5      | Reached skill level 1 in Fighting
  4804 | D:5      | Learned a level 3 spell: Volatile Blastmotes
  4809 | D:5      | Learned a level 4 spell: Flame Wave
  5135 | D:5      | Noticed Eustachio
  5151 | D:5      | Killed Eustachio
  5152 | D:5      | Reached XP level 8. HP: 44/44 MP: 0/18
  7836 | D:6      | Reached skill level 5 in Dodging
  7836 | D:6      | Reached skill level 5 in Conjurations
  7836 | D:6      | Reached skill level 9 in Fire Magic
  8259 | D:7      | Identified the +3 ring mail "Zoinashu" {Drain rPois Int+4
                  | Stlth+}
  8398 | D:7      | Found a staircase to the Ecumenical Temple.
  8419 | D:6      | Reached XP level 9. HP: 45/50 MP: 12/21
  8756 | D:7      | Found a sand-covered staircase.
  8761 | Ossuary  | Entered an ossuary
  9623 | Temple   | Entered the Ecumenical Temple
  9654 | Temple   | Became a worshipper of Vehumet
 10276 | D:7      | Found a hide-covered altar of Uskayaw.
 10961 | D:8      | Noticed a gargoyle
 11067 | D:8      | Reached skill level 10 in Fire Magic
 11073 | D:8      | Reached * piety under Vehumet
 11073 | D:8      | Offered knowledge of Magic Dart by Vehumet.
 11290 | D:8      | Noticed a two-headed ogre
 11394 | D:8      | Killed a two-headed ogre
 11395 | D:8      | Reached XP level 10. HP: 58/58 MP: 16/25
 11694 | D:8      | Found a glowing golden altar of the Shining One.
 11916 | D:8      | Killed a gargoyle
 12119 | D:8      | Noticed a two-headed ogre
 12131 | D:8      | Killed a two-headed ogre
 12132 | D:8      | Reached skill level 5 in Fighting
 12493 | D:8      | Found a shadowy altar of Dithmenos.
 12493 | D:8      | Found a sparkling altar of Nemelex Xobeh.
 12985 | D:9      | Found a staircase to the Orcish Mines.
 13094 | D:9      | Noticed a centaur warrior
 13100 | D:9      | Noticed a green ugly thing
 13100 | D:9      | Noticed a centaur warrior
 13131 | D:9      | Killed a centaur warrior
 13132 | D:9      | Reached skill level 10 in Spellcasting
 13132 | D:9      | Reached skill level 11 in Fire Magic
 13360 | D:9      | Identified the +0 flail of Past Mistakes {freeze, Fly rElec
                  | rPois Str+3}
 13497 | D:9      | Noticed a four-headed hydra
 13701 | D:9      | Killed a four-headed hydra
 13892 | D:9      | Noticed a two-headed ogre
 13896 | D:9      | Killed a two-headed ogre
 14133 | D:9      | Slain by a centaur warrior

Illustrated notes

Levels and vault maps discovered:
D:1:      dpeg_arrival_water_temple_mockup, layout_loops_ring,
          shapermc_ecumenical_altar_petra, serial_shops, shop
D:2:      layout_basic, serial_shops, nicolae_shop_rolled_up,
          minmay_diced_spiral
D:3:      layout_loops_ring
D:4:      layout_loops_ring, mainiacjoe_overflow_tiny_flanked, st_stairs_14
D:5:      layout_cave_pools, nrook_uturn, minmay_puff, uniq_eustachio
D:6:      nicolae_cairo_tiling_very_big, layout_basic, st_stairs_8
D:7:      layout_basic, nicolae_uskayaw_suspiria,
          minmay_temple_entry_water_ring, nicolae_ossuary_entry_catacombs
D:8:      layout_rooms, tso_oasis_becter, gammafunk_temple_overflow_pools,
          minmay_increasing_density
D:9:      minmay_cut_squares, layout_loops_ring, david_orc_2,
          grunt_decor_fettered, roderic_malta_cross, hangedman_corner_corridor
Temple:   minmay_crystal_spiral_temple

Skill      XL: |  1  2  3  4  5  6  7  8  9 10 |
---------------+-------------------------------+-----
Conjurations   | 2 3 4 5 |  5.0
Spellcasting   | 4 5 7 9 10 | 10.0
Fire Magic     | 4 6 7 8 9 10 11 | 11.4
Dodging        | 3 5 7 9 |  9.3
Fighting       | 1 3 4 6 |  6.2
Stealth        | |  2.4

Action                     |  1- 3 |  4- 6 |  7- 9 | 10-12 || total
---------------------------+-------+-------+-------+-------++-------
  Melee: Dagger            |     1 |       |     5 |     1 ||     7
   Cast: Foxfire           |    85 |    62 |   268 |    47 ||   462
         Scorch            |    10 |    18 |   103 |    33 ||   164
         Volatile Blastmot |       |       |     8 |       ||     8
         Flame Wave        |       |       |       |     1 ||     1
    Use: Scroll            |     2 |     2 |     1 |    11 ||    16
 Armour: Robe              |     2 |     1 |     6 |     5 ||    14
  Dodge: Dodged            |     8 |     8 |    72 |    30 ||   118

Table legend: (Time is in decaauts)
 A = Elapsed time spent in this place.
 B = Non-inter-level travel time spent in this place.
 C = Inter-level travel time spent in this place.
 D = Time resting spent in this place.
 E = Time spent auto-exploring this place.
 F = Levels seen in this place.
 G = Mean time per level.
                   A        B        C        D        E       F      G
               +--------+--------+--------+--------+--------+-----+--------+
         Total |  14134 |  13537 |    597 |   5670 |   5775 |  11 | 1284.9 |
       Dungeon |  13273 |  12736 |    537 |   5402 |   5456 |   9 | 1474.8 |
        Temple |     62 |      2 |     60 |      0 |      0 |   1 |   62.0 |
       Ossuary |    798 |    798 |      0 |    268 |    319 |   1 |  798.0 |
               +--------+--------+--------+--------+--------+-----+--------+

Top non-repeatable levels by time:
     D:7: 1764 daAuts
     D:8: 1717 daAuts
     D:6: 1629 daAuts
     D:4: 1606 daAuts
     D:5: 1417 daAuts
     D:9: 1403 daAuts
     D:2: 1279 daAuts
     D:3: 1278 daAuts
     D:1: 1177 daAuts
 Ossuary: 798 daAuts
  Temple: 62 daAuts
